 Dungeon Crawl Stone Soup version 0.18-a0-640-g2c992fa (webtiles) character file.

433 nono the Reanimator (level 6, -6/28 HPs)
             Began as a Deep Elf Necromancer on Dec 4, 2015.
             Shot with an arrow by a centaur (15 damage)
             ... on level 7 of the Dungeon.
             The game lasted 00:19:57 (5661 turns).

nono the Reanimator (Deep Elf Necromancer)          Turns: 5661, Time: 00:20:05

Health: -6/28      AC:  4    Str:  5    XL:     6   Next: 67%
Magic:  9/15       EV: 12    Int: 22    God:
Gold:   297        SH:  5    Dex: 15    Spells: 4 memorised, 3 levels left

rFire  . . .     SeeInvis .     l - +2 dagger (pain)
rCold  . . .     Clarity  .     a - +0 robe
rNeg   . . .     SustAt   .     g - +0 buckler
rPois  .         Gourm    .     (no helmet)
rElec  .         Spirit   .     (no cloak)
rCorr  .         Dismiss  .     (no gloves)
rMut   .         Rnd*Tele +     (no boots)
MR     +....                    (no amulet)
Stlth  ++........               (no ring)
                                (no ring)

@: regenerating, somewhat resistant to hostile enchantments, unstealthy
A: large bone plates 1, frail 1, magic resistance 1, teleportitis 1
a: no special abilities


You were on level 7 of the Dungeon.
You were very hungry.

You visited 1 branch of the dungeon, and saw 6 of its levels.

You collected 297 gold pieces.

Inventory:

Hand Weapons
 d - a +0 dagger
 l - a +2 dagger of pain (weapon)
Armour
 a - a +0 robe (worn)
 g - a +0 buckler (worn)
Jewellery
 u - an uncursed amulet of stasis {unknown}
Wands
 t - a wand of draining (9)
Scrolls
 e - a scroll of recharging {unknown}
 f - a scroll of magic mapping {unknown}
 h - 2 scrolls of enchant armour {unknown}
 i - a scroll of teleportation {unknown}
 k - 2 scrolls of identify {unknown}
 n - 2 scrolls of random uselessness {unknown}
 p - a scroll of noise {unknown}
 q - a scroll of fog {unknown}
 r - a scroll of immolation {unknown}
 v - 2 scrolls of remove curse
Potions
 m - 2 potions of lignification
 s - 2 potions of heal wounds {unknown}
Books
 b - a book of Necromancy

   Spells                             Type                      Level
   a - Pain                           Necromancy                   1
   b - Animate Skeleton               Necromancy                   1
   c - Vampiric Draining              Necromancy                   3
   d - Regeneration                   Charms/Necromancy            3
   e - Animate Dead                   Necromancy                   4
   f - Control Undead                 Necromancy                   4
Comestibles
 c - 3 bread rations
 j - 3 meat rations
 o - a fruit


   Skills:
 - Level 2.4 Dodging
 - Level 2.5 Stealth
 - Level 0.1 Unarmed Combat
 + Level 4.8 Spellcasting
 + Level 4.3 Charms
 * Level 8.1 Necromancy


You had 3 spell levels left.
You knew the following spells:

 Your Spells              Type           Power        Failure   Level  Hunger
a - Pain                  Necr           ####         1%          1    None
b - Vampiric Draining     Necr           #####.....   1%          3    ##.....
c - Regeneration          Chrm/Necr      ####......   6%          3    ##.....
d - Animate Dead          Necr           N/A          10%         4    ####...


Dungeon Overview and Level Annotations

Branches:
Dungeon (5/15)
 Temple: D:4-7

Altars:
Elyvilon
Fedhas
Gozag
Makhleb
Nemelex Xobeh
Okawaru
Yredelemnul

Annotations:
D:5 Grinder


Innate Abilities, Weirdness & Mutations

You are partially covered in large bone plates (AC +2, SH +2).
You are frail (-10% HP).
You are resistant to hostile enchantments.
You are occasionally teleported next to monsters.


Message History

The giant frog zombie hits you.
* * * LOW HITPOINT WARNING * * *
The giant frog zombie hits you.
* * * LOW HITPOINT WARNING * * *
You fall through a shaft for 2 floors!
The shaft crumbles and collapses.
A centaur comes into view.
Found a glass wand and a bread ration.
Found an escape hatch in the floor.
Evoke which item? (* to show all) (? for menu, Esc to quit)
Zapping:
t - a wand of draining (will waste charges)
Press: ? - help, Shift-Dir - straight line, f - centaur
Aim: a centaur (resting)
The bolt of negative energy hits the centaur.
The centaur is drained!
The centaur is almost dead.
The centaur shouts!
Evoking this partially-identified wand wasted a few charges.
The centaur wields a shortbow.
The centaur shoots an arrow.
The arrow hits you!
Ouch! That really hurt!
You die...

. ..
..>############
..............#
..............#
..../..@......#
##.....%......#
#.........c..#
#............#
#............#
#............#
#............#
#............#


You could see a centaur.

Vanquished Creatures
  A centaur (D:5)
  2 orc wizards (D:3)
  2 orc priests
  2 worker ants
  4 adders
  2 oozes
  8 giant geckos
  17 orcs
  3 ball pythons
  7 bats
  3 giant cockroaches
  9 goblins
  14 hobgoblins
  6 jackals (D:3)
  9 kobolds
  15 giant newts
  5 quokkas
  7 rats
116 creatures vanquished.

Vanquished Creatures (collateral kills)
  An orc wizard (D:5)
  A bat (D:3)
  A giant newt (D:3)
3 creatures vanquished.

Grand Total: 119 creatures vanquished

Notes
Turn   | Place    | Note
--------------------------------------------------------------
     0 | D:1      | nono the Deep Elf Necromancer began the quest for the Orb.
     0 | D:1      | Reached XP level 1. HP: 10/10 MP: 6/6
    74 | D:1      | Reached skill level 5 in Necromancy
   269 | D:1      | Reached XP level 2. HP: 15/15 MP: 6/8
   901 | D:1      | Reached XP level 3. HP: 19/19 MP: 7/9
   981 | D:1      | Learned a level 3 spell: Vampiric Draining
   996 | D:1      | Reached skill level 6 in Necromancy
  1053 | D:1      | Learned a level 3 spell: Regeneration
  1778 | D:2      | Found a white marble altar of Elyvilon.
  1879 | D:2      | Found a faded altar to an unknown god.
  1886 | D:2      | Became a worshipper of Gozag Ym Sagoz the Greedy
  2230 | D:2      | Reached XP level 4. HP: 22/24 MP: 10/10
  2352 | D:2      | Fell from the grace of Gozag
  2648 | D:3      | Reached skill level 1 in Charms
  3115 | D:3      | Gained mutation: You are occasionally teleported next to monsters. [potion of mutation]
  3115 | D:3      | Gained mutation: You are resistant to hostile enchantments. [potion of mutation]
  3136 | D:3      | Reached XP level 5. HP: 10/28 MP: 2/12
  3294 | D:3      | Learned a level 4 spell: Animate Dead
  3297 | D:3      | Found an iron altar of Okawaru.
  3451 | D:3      | Found a blossoming altar of Fedhas.
  3475 | D:3      | Reached skill level 7 in Necromancy
  4088 | D:3      | Was forgiven by Gozag
  4555 | D:4      | Found a burning altar of Makhleb.
  4731 | D:4      | Found a sparkling altar of Nemelex Xobeh.
  4732 | D:4      | Found an opulent altar of Gozag.
  4899 | D:4      | Reached XP level 6. HP: 27/32 MP: 9/14
  5087 | D:5      | Entered Level 5 of the Dungeon
  5096 | D:5      | Noticed Grinder
  5171 | D:5      | Found a basalt altar of Yredelemnul.
  5298 | D:5      | Reached skill level 8 in Necromancy
  5563 | D:5      | Gained mutation: You are partially covered in large bone plates (AC +2, SH +2). [potion of mutation]
  5563 | D:5      | Gained mutation: You are frail (-10% HP). [potion of mutation]
  5642 | D:5      | HP: 1/28 [giant frog zombie (2)]
  5660 | D:5      | You fall through a shaft for 2 floors!
  5661 | D:7      | Shot with an arrow by a centaur

Vault maps used:
D:1:      grunt_arrival_crossed_arrows, serial_bayou_pond_b, minivault_19,
          st_stairs_3
D:2:      lemuel_crystal_altar, ecumenical_altar_1, minmay_newt_pond
D:3:      lemuel_doored_altar, kennysheep_okawaru_gauntlet
D:4:      grunt_temple_overflow_opulence, lemuel_crystal_altar, first_bread
D:5:      kennysheep_mini_moat, gammafunk_temple_overflow_wave, led_sif_pool,
          uniq_blork_the_orc, uniq_grinder
D:7:      old_standard_altar, minmay_temple_entry_trees

Action                   |  1- 3 |  4- 6 || total
-------------------------+-------+-------++-------
Melee: Unarmed           |    11 |       ||    11
       Dagger            |    40 |   137 ||   177
 Cast: Pain              |    59 |    97 ||   156
       Vampiric Draining |     3 |     8 ||    11
       Regeneration      |     1 |    11 ||    12
       Animate Dead      |       |     5 ||     5
Invok: Potion Petition   |       |     1 ||     1
       Renounce Religion |       |     1 ||     1
Evoke: Wand              |       |     1 ||     1
  Use: Potion            |       |     7 ||     7
       Scroll            |       |     1 ||     1
 Stab: Sleeping          |     1 |     2 ||     3
       Distracted        |       |     1 ||     1
  Eat: Chunk             |     3 |    12 ||    15
       Beef jerky        |       |     1 ||     1
